Map: 回聲 - 天梯版(虛空之遺)

Players

iGXY (XY) - Winner!

  • Race: Terran Terran
  • Spawn Location: 11:00

Erik

  • Race: Zerg Zerg
  • Spawn Location: 5:00

Event: WESG 2016 Finals

VOD

Have the link to the VOD?

Description

Time

  • Played on: Jan. 11, 2017, 10:49 p.m.
  • Length: 18:33

All games in this series

Show
View Real Time Build Order
Export as new Build Order

iGXY Terran - Winner!

Build Orders: Reaper Expand, MMM Bio, Banshee Rush 

Get SALT Encoding   

  12  0:00  SCV  
  13  0:13  SCV  
  14  0:17  Supply Depot  
  14  0:25  SCV  
  15  0:32  Refinery  
  15  0:38  SCV  
  16  0:44  Barracks  
  16  0:50  SCV  
  17  1:02  SCV  
  18  1:14  SCV  
  19  1:31  Orbital Command, Reaper  
  20  1:40  Command Center  
  20  1:52  Factory  
  20  1:56  SCV  
  21  2:06  Supply Depot  
  21  2:08  Barracks Reactor, SCV  
  22  2:21  SCV  
  23  2:33  SCV  
  24  2:44  Marine  
  24  2:45  Marine  
  24  2:48  Hellion  
  28  2:57  SCV  
  28  3:02  Marine x2  
  30  3:09  SCV, Bunker, Starport  
  31  3:19  Factory Tech Lab  
  31  3:22  Marine x2, SCV  
  31  3:26  Orbital Command  
  33  3:34  SCV  
  34  3:46  SCV  
  33  3:49  Command Center  
  33  3:50  Cloaking Field  
  33  3:52  SCV  
  34  3:58  SCV  
  34  3:59  Refinery  
  35  4:04  Marine x2, SCV  
  35  4:06  Supply Depot  
  35  4:09  Banshee  
  41  4:11  SCV  
  41  4:16  SCV  
  43  4:18  Factory Tech Lab  
  43  4:22  Marine x2  
  45  4:25  SCV  
  45  4:28  SCV, Supply Depot  
  47  4:31  Engineering Bay  
  47  4:33  Engineering Bay  
  47  4:37  SCV  
  48  4:40  SCV  
  49  4:47  Engineering Bay  
  49  4:48  Refinery  
  49  4:49  SCV  
  49  4:50  Refinery  
  51  4:52  SCV  
  51  4:53  Banshee  
  51  4:57  Marine  
  55  5:00  Stimpack  
  55  5:01  SCV  
  55  5:03  Barracks  
  55  5:04  Orbital Command  
  55  5:06  SCV  
  57  5:13  SCV  
  58  5:15  Marine  
  58  5:17  Factory Reactor  
  58  5:19  Barracks  
  60  5:21  Terran Infantry Weapons Level 1  
  60  5:26  SCV  
  60  5:33  Marine  
  61  5:36  Banshee  
  61  5:37  SCV  
  65  5:43  SCV  
  65  5:48  Orbital Command  
  67  5:51  Barracks  
  67  5:53  Barracks, SCV  
  67  5:57  Marine  
  67  5:58  Marine x2  
  67  6:00  SCV  
  71  6:05  SCV  
  71  6:11  Factory Tech Lab  
  69  6:14  SCV  
  69  6:15  Marine x3  
  69  6:16  Marine x2  
  69  6:19  Orbital Command  
  69  6:20  Banshee  
  69  6:21  SCV  
  64  6:26  SCV, Terran Infantry Armor Level 1  
  58  6:33  Marine x2, SCV  
  58  6:34  Marine x3  
  63  6:42  SCV  
  64  6:53  Barracks Reactor  
  61  6:54  SCV  
  61  6:56  SCV, Factory Reactor  
  61  7:00  SCV  
  61  7:01  Armory  
  64  7:06  SCV  
  64  7:08  SCV  
  66  7:12  SCV  
  66  7:13  Medivac x2  
  71  7:18  SCV  
  71  7:20  SCV  
  73  7:24  SCV  
  74  7:30  SCV  
  74  7:31  Supply Depot  
  74  7:32  SCV  
  74  7:34  Supply Depot  
  76  7:38  Marine  
  76  7:39  Concussive Shells, Combat Shields  
  76  7:41  Supply Depot  
  77  7:52  Marine x2, SCV x3  
  82  7:59  Marine x5  
  82  8:00  Widow Mine  
  82  8:01  Widow Mine  
  82  8:04  SCV x3  
  94  8:10  Marine x2  
  96  8:16  SCV x3, Supply Depot  
  96  8:17  Marine x2, Terran Infantry Weapons Level 2  
  101  8:22  Supply Depot  
  101  8:27  Supply Depot  
  101  8:29  Terran Infantry Armor Level 2  
  101  8:32  Supply Depot  
  101  8:38  Marine x5, SCV x3  
  109  8:41  Supply Depot  
  109  8:44  Marine  
  110  8:51  SCV  
  108  8:56  Marine  
  108  8:57  Marine x2  
  108  8:59  Marine  
  110  9:03  SCV  
  110  9:04  SCV  
  110  9:06  SCV, Medivac x2  
  114  9:15  SCV  
  114  9:16  SCV  
  116  9:18  SCV  
  116  9:23  Marine x3  
  116  9:24  Marine  
  125  9:27  SCV  
  125  9:28  Marine x2  
  123  9:33  SCV  
  123  9:36  Medivac  
  126  9:42  Marine x3, Siege Tank  
  126  9:43  SCV  
  126  9:44  SCV  
  134  9:45  Refinery  
  134  9:47  Marauder, Refinery  
  134  9:48  SCV  
  127  9:54  Marine x2  
  127  9:55  Marauder  
  131  10:10  Command Center  
  131  10:11  Marauder, Marine  
  124  10:14  Siege Tank  
  124  10:16  Marauder  
  129  10:24  Marine x3  
  129  10:25  Medivac x2  
  136  10:32  Marauder  
  138  10:37  Missile Turret  
  138  10:39  Supply Depot x3  
  137  10:46  Terran Infantry Armor Level 3, Terran Infantry Weapons Level 3  
  137  10:47  Terran Vehicle Weapons Level 1  
  136  10:52  Marine x3  
  136  10:54  Siege Tank  
  138  10:57  Supply Depot  
  138  10:58  Supply Depot  
  131  11:21  Marauder x2  
  135  11:26  Siege Tank  
  135  11:28  SCV x2  
  137  11:42  Marauder x2  
  141  11:48  Marine  
  139  11:58  Siege Tank  
  122  12:03  Marine  
  122  12:04  Marauder x2, Marine x3  
  113  12:15  Planetary Fortress  
  113  12:16  Marine x2  
  113  12:21  Marine x3, SCV x3  
  113  12:22  Marine  
  122  12:25  Marauder x2  
  122  12:28  Barracks x2  
  126  12:31  Siege Tank  
  126  12:34  Marine x2  
  126  12:35  Sensor Tower  
  131  12:39  Marine x3, SCV x2  
  131  12:42  Marine  
  135  12:46  Marauder x2  
  135  12:48  Missile Turret  
  101  12:52  Marine  
  101  12:53  Marine  
  101  12:57  Marine x3  
  89  13:00  Marine  
  90  13:08  Marauder x2  
  90  13:10  Marine  
  90  13:11  Marine  
  95  13:15  Marine x3  
  95  13:17  Marine  
  99  13:20  Siege Tank  
  99  13:22  Barracks Tech Lab  
  99  13:26  Barracks Tech Lab  
  102  13:28  Marine  
  102  13:29  Marauder x2, Marine  
  102  13:33  Marine x3  
  111  13:34  Medivac x2  
  111  13:35  Marine  
  116  13:45  Marine  
  116  13:47  Marine  
  112  13:50  Marauder x3, Marine x2  
  112  13:51  Marauder, Marine  
  112  13:52  Siege Tank  
  112  13:53  Marine  
  122  14:04  Medivac  
  122  14:09  Medivac  
  126  14:12  Marauder x2  
  126  14:14  Marauder  
  132  14:22  Marauder, Marine x2  
  136  14:28  Siege Tank  
  139  14:32  Marine  
  139  14:38  Marauder x2, Medivac  
  146  14:39  Orbital Command  
  145  14:48  Marauder  
  147  15:00  Supply Depot  
  147  15:05  Marauder  
  149  15:12  Supply Depot  
  149  15:14  Marine x2  
  149  15:15  Marauder x2  
  149  15:16  Supply Depot  
  149  15:17  Siege Tank  
  157  15:21  Marine x2  
  159  15:33  Marauder  
  161  15:36  Marauder  
  161  15:37  Sensor Tower  
  161  15:38  Marauder  
  161  15:42  Missile Turret  
  163  15:45  Missile Turret  
  163  15:55  Marauder  
  163  15:56  Viking x2  
  165  16:25  Viking  
  165  16:26  Viking  
  168  16:35  Marine, Marauder x3  
  169  16:44  Marine x3  
  169  16:45  Marine x2  
  168  16:49  SCV  
  168  16:51  Thor  
  168  16:53  Marine x2  
  168  16:55  Viking  
  168  16:56  Marine x3, Viking  
  175  17:02  Marine x4  
  175  17:08  Marine  
  180  17:10  Marine  
  171  17:23  Marine x2  
  171  17:24  Marine x3  
  171  17:25  Viking  
  171  17:26  Viking  
  171  17:27  Marine  
  171  17:28  Marine  
  167  17:30  Marine  
  167  17:32  Marine  
  157  17:38  SCV  
  157  17:41  Marine x2  
  157  17:43  Marine  
  156  17:45  Marine x2  
  156  17:55  SCV x2, Viking  
  156  17:56  Marine x2  
  151  18:02  Marine x4  
  151  18:04  Marine  
  154  18:11  Marine x3  
  157  18:14  Marine x2  
Show
View Real Time Build Order
Export as new Build Order

Erik Zerg 

Build Orders: Pool First 

Get SALT Encoding   

  12  0:00  Drone  
  13  0:13  Overlord  
  13  0:16  Drone  
  14  0:31  Drone x2  
  14  0:35  Drone  
  17  0:45  Spawning Pool  
  17  0:47  Drone  
  17  0:50  Extractor  
  17  0:56  Drone  
  17  1:14  Hatchery  
  16  1:32  Zergling x6  
  19  1:36  Queen  
  21  1:44  Overlord  
  21  1:52  Metabolic Boost  
  21  1:55  Drone  
  22  2:06  Drone  
  23  2:16  Queen  
  23  2:18  Drone  
  25  2:30  Queen  
  27  2:37  Drone x3  
  27  2:40  Drone  
  30  2:50  Drone  
  30  2:51  Drone x3  
  33  2:59  Drone  
  33  3:00  Evolution Chamber  
  33  3:03  Drone  
  34  3:06  Overlord  
  34  3:11  Overlord  
  34  3:15  Drone  
  35  3:20  Drone  
  36  3:31  Drone  
  36  3:32  Zergling x2  
  38  3:34  Drone, Hatchery  
  38  3:41  Zerg Ground Armor Level 1  
  38  3:42  Drone  
  38  3:47  Drone x2  
  40  3:52  Drone  
  40  3:53  Drone x2  
  43  3:59  Overlord  
  43  4:01  Drone x2  
  45  4:03  Drone  
  45  4:04  Drone  
  47  4:10  Drone  
  47  4:11  Drone  
  49  4:18  Drone x2, Queen  
  49  4:21  Queen  
  55  4:28  Extractor x2  
  55  4:30  Roach Warren  
  52  4:35  Overlord  
  52  4:36  Overlord  
  52  4:37  Overlord  
  52  4:41  Overlord  
  52  5:11  Roach x4  
  52  5:12  Roach x9  
  78  5:14  Roach  
  80  5:31  Zergling x14  
  80  5:34  Overlord  
  86  5:36  Zergling x6  
  86  5:40  Spore Crawler  
  86  5:41  Spore Crawler  
  83  5:45  Ravager x4  
  83  5:47  Ravager  
  87  5:50  Zergling x2  
  82  6:08  Drone x5  
  81  6:21  Zergling x8  
  84  6:26  Drone x2  
  84  6:29  Drone  
  84  6:32  Drone  
  79  6:38  Drone x3  
  79  6:39  Drone  
  76  6:44  Spore Crawler  
  76  6:45  Drone  
  76  6:46  Drone  
  76  6:47  Drone  
  76  6:49  Drone  
  76  6:56  Lair  
  76  6:58  Drone x2  
  79  7:01  Drone  
  79  7:03  Drone  
  79  7:06  Zerg Missile Weapons Level 1  
  80  7:10  Drone x2  
  80  7:12  Drone  
  81  7:16  Drone x3  
  84  7:28  Drone  
  83  7:33  Drone  
  83  7:34  Drone  
  82  7:37  Queen  
  82  7:38  Queen  
  86  7:44  Extractor  
  86  7:45  Roach x3  
  86  7:46  Roach x3  
  97  7:56  Overseer  
  97  8:04  Roach x3  
  97  8:05  Roach  
  104  8:07  Overlord x2  
  104  8:10  Drone  
  105  8:14  Overlord  
  105  8:24  Overlord x2  
  105  8:25  Queen  
  107  8:29  Drone  
  107  8:30  Drone, Glial Reconstitution  
  107  8:32  Drone x2  
  107  8:33  Drone x2  
  107  8:34  Drone x3  
  116  8:37  Ravager x3  
  119  8:43  Roach  
  119  8:44  Roach x7  
  119  8:45  Roach  
  137  9:00  Roach x4  
  136  9:16  Extractor  
  135  9:17  Extractor  
  135  9:19  Overlord  
  134  9:32  Drone x3  
  134  9:33  Drone x2  
  139  9:38  Zerg Ground Armor Level 2  
  139  9:40  Roach x6  
  151  9:47  Roach  
  151  9:51  Overlord x2  
  151  9:52  Overlord  
  153  9:59  Hatchery  
  152  10:00  Overlord  
  153  10:21  Roach x15  
  177  10:27  Infestation Pit, Burrow  
  176  10:35  Hatchery  
  175  10:38  Hatchery  
  175  10:40  Hatchery  
  175  10:46  Roach x5  
  175  10:47  Overlord x2  
  175  10:48  Overlord x3  
  185  10:54  Overlord  
  185  11:03  Ravager  
  186  11:05  Pathogen Glands  
  180  11:19  Overlord  
  180  11:40  Infestor x4, Spore Crawler  
  180  11:42  Ravager x2  
  180  11:43  Ravager x2  
  180  11:44  Ravager  
  180  11:45  Ravager  
  180  11:46  Ravager  
  194  11:47  Ravager  
  194  11:51  Roach x2  
  191  11:54  Zerg Melee Weapons Level 1  
  154  12:05  Roach x23  
  164  12:16  Roach  
  164  12:17  Roach x2  
  164  12:22  Roach  
  178  12:23  Roach x3  
  178  12:26  Extractor  
  178  12:29  Extractor  
  176  12:34  Roach x7  
  190  12:48  Hatchery  
  153  13:00  Roach x11  
  153  13:01  Roach x5  
  183  13:17  Roach x23  
  183  13:19  Roach  
  183  13:20  Roach x10  
  183  13:23  Hive  
  183  13:24  Spire  
  183  13:26  Drone x2  
  184  13:57  Roach x8  
  200  14:08  Zerg Missile Weapons Level 2  
  200  14:10  Roach x40  
  200  14:22  Pneumatized Carapace  
  200  14:36  Greater Spire  
  190  14:48  Corruptor x6  
  198  15:08  Roach x2  
  184  15:30  Corruptor x2  
  184  15:31  Corruptor  
  186  15:44  Spine Crawler  
  186  15:48  Brood Lord  
  186  15:49  Brood Lord x5  
  197  15:50  Corruptor  
  197  15:54  Spine Crawler  
  197  15:55  Spore Crawler  
  197  15:58  Spine Crawler  
  194  16:23  Corruptor x3  
  177  16:54  Brood Lord x4  
  185  16:55  Corruptor x7  
  199  17:03  Extractor  
  199  17:05  Extractor  
  199  17:06  Hatchery  
  125  17:40  Roach x16  
  125  17:41  Roach x4  
  106  18:09  Roach x7  
Tags
 
Add a new tag
Caveats
  • Supply blocks, unpowered buildings, or Contaminate may cause inaccurate times.
  • Supply counts are checked every 10 seconds.